 Dungeon Crawl Stone Soup version 0.26-a0-812-g31a745ddcd (webtiles) character file.

Game seed: 9701681952970354345

126 Craquet the Skirmisher (level 4, -3/61 HPs)
             Began as a Minotaur Berserker on Nov 14, 2020.
             Was a Believer of Trog.
             Succumbed to an orc wizard's poison
             ... on level 3 of the Dungeon on Nov 18, 2020.
             The game lasted 00:31:08 (2220 turns).

Craquet the Skirmisher (Minotaur Berserker)         Turns: 2220, Time: 00:31:08

Health: -3/61      AC:  5    Str: 22    XL:     4   Next: 84%
Magic:  4/4        EV: 10    Int:  4    God:    Trog [**....]
Gold:   86         SH:  3    Dex: 10    Spells: 4/4 levels left

rFire    . . .     SeeInvis .   a - +0 mace
rCold    . . .     Faith    .   o - +0 buckler
rNeg     . . .     Spirit   .   g - +0 ring mail
rPois    .         Reflect  .   (helmet restricted)
rElec    .         Harm     .   (no cloak)
rCorr    .         Rampage  .   (no gloves)
MR       .....                  (no boots)
Stlth    ..........             (no amulet)
HPRegen  0.20/turn              (no ring)
MPRegen  0.09/turn              (no ring)

@: berserking, lethally poisoned (-3 -> -64), very quick
A: retaliatory headbutt, horns 2
a: Berserk, Trog's Hand, Renounce Religion


You were on level 3 of the Dungeon.
You worshipped Trog.
Trog was pleased with you.
You visited 1 branch of the dungeon, and saw 3 of its levels.

You collected 86 gold pieces.

Inventory:

Hand Weapons
 a - a +0 mace (weapon)
Missiles
 s - 5 boomerangs (quivered)
Armour
 b - a +0 animal skin
 g - a +0 ring mail (worn)
 o - a +0 buckler (worn)
Jewellery
 c - an uncursed ring of fire {unknown}
 l - an uncursed ring of poison resistance {unknown}
Wands
 u - a wand of iceblast (9)
Scrolls
 d - 3 scrolls of identify {unknown}
 i - 2 scrolls of random uselessness {iq…}
 j - 3 scrolls of fear {unknown}
 k - a scroll of blinking {unknown}
 m - a scroll of amnesia {unknown}
 p - a scroll of fog {unknown}
 q - 2 scrolls of teleportation {unknown}
 r - a scroll of remove curse {unknown}
 t - a scroll of immolation {unknown}
Potions
 e - a potion of curing {unknown}
 f - a potion of attraction {unknown}
 h - a potion of magic {unknown}
 n - a potion of haste {unknown}


   Skills:
 + Level 4.6 Fighting
 + Level 4.5 Maces & Flails
 + Level 3.5 Armour
 - Level 2.4 Dodging
 - Level 1.1 Stealth
 - Level 0.7 Spellcasting


You had 4 spell levels left.
You didn't know any spells.
Your spell library was empty.

Dungeon Overview and Level Annotations

Branches:
Dungeon (3/15)

Altars:


Innate Abilities, Weirdness & Mutations

You reflexively headbutt those who attack you in melee.
You have a pair of horns on your head.


Message History

You feel very sick. Something hits you but does no damage.
You are more poisoned.
You miss something. Your headbutt misses something.
* * * LOW HITPOINT WARNING * * *
You feel very sick. Something hits you but does no damage.
You are more poisoned.
You hit something.
* * * LOW HITPOINT WARNING * * *
You feel very sick. Something hits you but does no damage.
You are more poisoned.
A red film seems to cover your vision as you go berserk!
You feel yourself moving faster!
You feel mighty!
* * * LOW HITPOINT WARNING * * *
You feel very sick. Something hits you but does no damage.
You closely miss something. Your headbutt misses something.
You die...

......#....#
..........## #.
......#...# #.
......##.## #.
......##.# #.
.........# #.#
.......########.#
...[.........##{#######
................@.....#
#####..#####.#........#
.......# #..........#
##..#†######..........#
.............#........#
..[......###.....######
..........##..<..#
..............)..#
.........####....#


There were no monsters in sight!

Vanquished Creatures
  A hound (D:2)
  An adder (D:3)
  An ooze (D:1)
  3 worms (D:2)
  4 dart slugs
  A leopard gecko (D:2)
  3 orcs (D:3)
  3 giant cockroaches
  2 goblins
  7 hobgoblins
  10 jackals (D:1)
  2 ball pythons
  5 bats
  4 frilled lizards
  3 kobolds
  9 rats
59 creatures vanquished.

Notes
Turn   | Place    | Note
-------+----------+-------------------------------------------
     0 | D:1      | Craquet the Minotaur Berserker began the quest for the Orb.
     0 | D:1      | Reached XP level 1. HP: 19/19 MP: 0/0
   372 | D:1      | Reached XP level 2. HP: 27/27 MP: 1/1
   823 | D:1      | Reached XP level 3. HP: 33/33 MP: 2/2
  1245 | D:2      | Reached ** piety under Trog
  1465 | D:2      | Reached skill level 1 in Stealth
  1465 | D:2      | Reached XP level 4. HP: 36/41 MP: 2/4
  2219 | D:3      | HP: 1/61 [poisoned by an orc wizard]
  2220 | D:3      | Succumbed to an orc wizard's poison

Illustrated notes

Levels and vault maps discovered:
D:1:      minmay_arrival_glassed_features, layout_loops_ring, st_stairs_8,
          minmay_misc_feat_chi
D:2:      layout_loops_cross, serial_bayou_pond_b
D:3:      layout_rooms

Skill      XL: |  1  2  3 |
---------------+----------+-----
Fighting       | 4 |  4.6
Maces & Flails | 4 |  4.5
Armour         | 3 |  3.5
Stealth        | 1 |  1.1
Dodging        | |  2.4
Spellcasting   | |  0.7

Action                   |  1- 3 |  4- 6 || total
-------------------------+-------+-------++-------
Melee: Mace              |    87 |    59 ||   146
       Headbutt          |    12 |     8 ||    20
Invok: Berserk           |     1 |     1 ||     2
  Use: Scroll            |     1 |       ||     1
Armor: Animal skin       |    12 |       ||    12
       Ring mail         |     9 |    21 ||    30
Dodge: Dodged            |    66 |    32 ||    98
Block: Buckler           |       |     5 ||     5

Table legend: (Time is in decaauts)
 A = Elapsed time spent in this place.
 B = Non-inter-level travel time spent in this place.
 C = Inter-level travel time spent in this place.
 D = Time resting spent in this place.
 E = Time spent auto-exploring this place.
 F = Levels seen in this place.
 G = Mean time per level.
                   A        B        C        D        E       F      G
               +--------+--------+--------+--------+--------+-----+--------+
         Total |   2259 |   2192 |     67 |    234 |   1280 |   3 |  753.0 |
       Dungeon |   2259 |   2192 |     67 |    234 |   1280 |   3 |  753.0 |
               +--------+--------+--------+--------+--------+-----+--------+

Top non-repeatable levels by time:
     D:1: 1176 daAuts
     D:2: 741 daAuts
     D:3: 341 daAuts
